 Dungeon Crawl Stone Soup version 0.27.0-1-g7a089689b8 (webtiles) character file.

Game seed: 1533998744475975927

93 jiml777 the Gusty (level 4, -1/30 HPs)
             Began as a Demonspawn Air Elementalist on Aug 13, 2021.
             Slain by Sigmund (6 damage)
             ... on level 2 of the Dungeon.
             The game lasted 00:15:31 (2564 turns).

jiml777 the Gusty (Demonspawn Air Elementalist)     Turns: 2564, Time: 00:15:32

Health: -1/30      AC:  4    Str:  8    XL:     4   Next: 36%
Magic:  7/7        EV: 12    Int: 17    God:
Gold:   92         SH:  0    Dex: 14    Spells: 7/8 levels left

rFire    . . .     SeeInvis .   c - +0 short sword
rCold    . . .     Faith    .   (no shield)
rNeg     . . .     Spirit   .   a - +0 robe
rPois    .         Reflect  .   (no helmet)
rElec    .         Harm     .   (no cloak)
rCorr    .         Rampage  .   (no gloves)
Will     .....                  (no boots)
Stlth    ++........             (no amulet)
HPRegen  0.10/turn              (no ring)
MPRegen  0.10/turn              (no ring)

@: no status effects
A: icy blue scales 1
a: no special abilities


You were on level 2 of the Dungeon.
You visited 1 branch of the dungeon, and saw 2 of its levels.

You collected 92 gold pieces.

Inventory:

Hand Weapons
 c - a +0 short sword (weapon)
Missiles
 b - 49 arrows
 e - 34 stones
Armour
 a - a +0 robe (worn)
 f - a +0 buckler
Potions
 d - a potion of curing {unknown}


   Skills:
 + Level 0.3 Short Blades
 + Level 2.1 Dodging
 + Level 2.3 Stealth
 + Level 2.6 Spellcasting
 + Level 1.6 Conjurations
 + Level 3.6 Air Magic


You had 7 spell levels left.
You knew the following spells:

 Your Spells              Type           Power      Damage    Failure   Level
a - Shock                 Conj/Air       44%        1d5       6%          1

Your spell library contained the following spells:

 Spells                   Type           Power      Damage    Failure   Level
 Static Discharge         Conj/Air       11%        N/A       10%         2
 Swiftness                Air            14%        N/A       12%         3
 Mephitic Cloud           Conj/Pois/Air  8%         N/A       26%         3
 Airstrike                Air            7%         N/A       36%         4
 Ignite Poison            Fire/Tmut/Pois 2%         N/A       50%         3
 Bolt of Magma            Conj/Fire/Erth 2%         4d4       99%         5


Dungeon Overview and Level Annotations

Branches:
Dungeon (2/15)

Altars:

Annotations:
D:2 Sigmund


Innate Abilities, Weirdness & Mutations

You are partially covered in icy blue scales. (AC +2)


Message History

Aim: an endoplasm (asleep, 100% to hit)
The zap hits the endoplasm.
The endoplasm is severely wounded.
The endoplasm quivers.
Casting: Shock (safe; 6% risk of failure)
Confirm with . or Enter, or press ? or * to list all spells.
Aiming: Shock (safe; 6% risk of failure)
Press: ? - help, Shift-Dir - straight line, f/p - endoplasm
Aim: an endoplasm (severely wounded, 97% to hit)
The zap hits the endoplasm.
You kill the endoplasm!
You start resting.
Magic restored.
Found an escape hatch in the ceiling.
Sigmund the Dreaded comes into view.
He is wielding a +1 vorpal scythe.
Found a scroll labelled UCHEOSM ECKIMO.
Found a stone staircase leading up.
You start waiting.
You start waiting.
Done waiting.
You start waiting.
Done waiting.
Sigmund shouts!
Sigmund casts a spell at you.
You are confused.
You bump into the rock wall.
You're too confused to move!
Sigmund gestures at you while chanting.
You are more confused.
You bump into the rock wall.
You bump into the rock wall.
Sigmund gestures wildly while chanting.
Sigmund flickers and vanishes!
Deactivating autopickup; reactivate with Ctrl-A.
You bump into the rock wall.
Something hits you.
You bump into the rock wall.
Something hits you.
You feel less confused. Something hits you!
* * * LOW HITPOINT WARNING * * *
x2 You hit something but do no damage.
Something hits you.
You die...

####.8#8..#####
#.............#####
#..<.##.....#.....## ####
#...@ #####.#####..# #...
#.... #.....##.#### #.##
#...< ##...........###.#
#....#####.......##....##.##
#.......##.#####.####.......
#?....#...{@.#
#.รท.###....##
#####....###..####.# ###..##
####..###.# #.#####...# ##.#
... #....###..# ...
##.#####......# ##.# ....
#####... ...####. #...
#......######.##
#.......>.##


There were no monsters in sight!

Vanquished Creatures
  Natasha (twice) (D:2)
  2 dart slugs (D:1)
  A bat (D:2)
  5 endoplasms
  2 goblins
  5 hobgoblins
  6 kobolds
  3 quokkas
  2 ball pythons (D:1)
  3 frilled lizards (D:1)
  5 rats
36 creatures vanquished.

Notes
Turn   | Place    | Note
-------+----------+-------------------------------------------
     0 | D:1      | jiml777 the Demonspawn Air Elementalist began the quest for
                  | the Orb.
     0 | D:1      | Reached XP level 1. HP: 13/13 MP: 3/3
   227 | D:1      | Reached skill level 3 in Air Magic
   360 | D:1      | Gained mutation: You are partially covered in icy blue
                  | scales. (AC +2) [demonic ancestry]
   360 | D:1      | Reached XP level 2. HP: 19/19 MP: 0/5
  1110 | D:1      | Found a faded altar of an unknown god.
  1426 | D:2      | Noticed Natasha
  1438 | D:2      | Noticed a crimson imp
  1442 | D:2      | Killed Natasha
  1443 | D:2      | Reached XP level 3. HP: 14/24 MP: 2/6
  1626 | D:2      | Noticed Natasha
  1642 | D:2      | Killed Natasha
  1643 | D:2      | Reached XP level 4. HP: 22/30 MP: 1/7
  2305 | D:2      | Noticed Sigmund
  2564 | D:2      | Slain by Sigmund

Illustrated notes

Levels and vault maps discovered:
D:1:      lightli_arrival_flooded_house, layout_basic,
          shapermc_ecumenical_altar_petra, st_stairs_9, minmay_indecisive_spiral
D:2:      layout_rooms, nrook_loot_triangle, minmay_statues_item, uniq_sigmund,
          uniq_natasha

Skill      XL: |  1  2 |
---------------+-------+-----
Air Magic      | 3 |  3.6
Stealth        | 2 |  2.3
Dodging        | 2 |  2.1
Short Blades   | |  0.3
Spellcasting   | |  2.6
Conjurations   | |  1.6

Action                   |  1- 3 |  4- 6 || total
-------------------------+-------+-------++-------
Melee: Short sword       |    21 |     5 ||    26
 Cast: Shock             |    43 |    18 ||    61
  Use: Scroll            |     4 |       ||     4
Armor: Robe              |     6 |    11 ||    17
Dodge: Dodged            |    21 |    12 ||    33
